General information
- name: BNet
- type: Ladder team game (AT/RT)
- host: Battle.net
- saver: PerturbedParrot
map: Highperch
- players: 6
- length: 75:12
- speed: Fast
- version: 1.21 W3XP
- replay type: Public
» download(377 KB)
Players
team 1 (loser)
FREEDOMOFTHESEA (
purple | 28 APM | 2052 actions | 73:16)
5 Mountain King
3 Storm Bolt
2 Bash
2 Paladin
1 Holy Light
1 Devotion Aura
» actions
| Assign group hotkey | 13 | |
| Build / train | 116 | |
| Enter build submenu | 47 | |
| Enter hero's abilities submenu | 7 | |
| Remove unit from queue | 3 | |
| Right click | 1196 | |
| Select / deselect | 506 | |
| Select group hotkey | 39 | |
| Use ability | 125 | |
2052 total
» units
| Peasant | 13 | |
| Footman | 5 | |
| Rifleman | 5 | |
| Razormane Medicine Man | 2 | |
| Harpy Rogue | 1 | |
| Sorceress | 12 | |
| Mortar Team | 21 | |
| Priest | 6 | |
| Siege Engine | 1 | |
66 total
» upgrades
| Defend | 1 | |
| Gunpowder | 2 | |
| Masonry | 2 | |
| Long Rifles | 1 | |
| Lumber Harvesting | 1 | |
| Sorceress Training | 1 | |
| Priest Training | 1 | |
| Plating | 1 | |
| Flare | 1 | |
| Magic Sentry | 1 | |
| Barrage | 1 | |
13 total
» buildings
| Altar of Kings | 1 | |
| Farm | 10 | |
| Barracks | 2 | |
| Blacksmith | 1 | |
| Scout Tower | 24 | |
| Arcane Tower | 4 | |
| Keep | 4 | |
| Lumber Mill | 1 | |
| Guard Tower | 15 | |
| Town Hall | 2 | |
| Arcane Sanctum | 1 | |
| Workshop | 1 | |
| Cannon Tower | 1 | |
| Castle | 1 | |
68 total
» build order
00:13 Altar of Kings
00:20 Farm
00:54 Barracks
01:22 Farm
01:43 Barracks
02:13 Blacksmith
03:24 Scout Tower
03:27 Scout Tower
03:31 Farm
03:37 Scout Tower
04:12 Arcane Tower
04:51 Keep
04:51 Keep
04:51 Keep
05:26 Arcane Tower
05:31 Scout Tower
05:41 Lumber Mill
06:27 Arcane Tower
07:38 Scout Tower
08:16 Guard Tower
08:25 Farm
08:48 Town Hall
09:04 Farm
11:35 Farm
11:40 Arcane Sanctum
12:29 Scout Tower
12:32 Scout Tower
12:35 Scout Tower
13:06 Farm
13:55 Farm
13:57 Guard Tower
13:59 Guard Tower
14:00 Guard Tower
14:03 Scout Tower
14:11 Workshop
15:41 Farm
17:21 Guard Tower
18:45 Farm
22:15 Scout Tower
23:12 Scout Tower
23:14 Scout Tower
23:40 Guard Tower
23:42 Scout Tower
23:44 Guard Tower
23:57 Scout Tower
24:15 Guard Tower
25:11 Guard Tower
25:13 Scout Tower
26:00 Scout Tower
26:22 Guard Tower
26:34 Guard Tower
26:39 Scout Tower
27:18 Guard Tower
27:21 Scout Tower
33:22 Town Hall
33:24 Scout Tower
34:02 Guard Tower
34:05 Scout Tower
34:24 Scout Tower
34:28 Scout Tower
35:55 Guard Tower
35:56 Arcane Tower
35:57 Cannon Tower
36:06 Scout Tower
36:09 Scout Tower
38:12 Castle
50:51 Guard Tower
50:53 Guard Tower
Grochmal (
green | 35 APM | 2612 actions | 75:11)
5 Blademaster
3 Wind Walk
2 Critical Strike
5 Shadow Hunter
2 Healing Wave
1 Serpent Ward
2 Hex
» actions
| Assign group hotkey | 52 | |
| Build / train | 124 | |
| Enter build submenu | 43 | |
| Enter hero's abilities submenu | 10 | |
| Give item / drop item | 2 | |
| Remove unit from queue | 2 | |
| Right click | 1036 | |
| Select / deselect | 369 | |
| Select group hotkey | 841 | |
| Use ability | 133 | |
2612 total
» units
| Peon | 19 | |
| Grunt | 2 | |
| Troll Batrider | 34 | |
| Wind Rider | 13 | |
| Troll Witch Doctor | 6 | |
| Raider | 6 | |
80 total
» upgrades
| Ranged Weapons | 3 | |
| Armor | 3 | |
| Liquid Fire | 1 | |
| Spiked Barricades | 2 | |
| Melee Weapons | 0 | |
| Witch Doctor Training | 2 | |
| Envenomed Spears | 1 | |
| Ensnare | 1 | |
13 total
» buildings
| Altar of Storms | 1 | |
| Orc Burrow | 8 | |
| Barracks | 1 | |
| Voodoo Lounge | 1 | |
| War Mill | 1 | |
| Stronghold | 1 | |
| Great Hall | 1 | |
| Watch Tower | 18 | |
| Beastiary | 3 | |
| Fortress | 1 | |
| Spirit Lodge | 1 | |
37 total
» build order
00:09 Altar of Storms
00:15 Orc Burrow
00:38 Barracks
01:10 Voodoo Lounge
01:42 Orc Burrow
02:30 War Mill
04:36 Stronghold
05:04 Orc Burrow
05:07 Orc Burrow
06:23 Great Hall
06:34 Watch Tower
06:57 Watch Tower
07:40 Watch Tower
08:01 Beastiary
08:29 Watch Tower
08:55 Watch Tower
09:25 Beastiary
09:43 Watch Tower
10:06 Watch Tower
11:32 Watch Tower
12:28 Fortress
12:51 Watch Tower
14:54 Beastiary
14:59 Spirit Lodge
15:04 Orc Burrow
15:08 Orc Burrow
17:31 Watch Tower
18:39 Orc Burrow
18:42 Orc Burrow
20:04 Watch Tower
20:10 Watch Tower
20:17 Watch Tower
21:14 Watch Tower
21:20 Watch Tower
22:32 Watch Tower
22:40 Watch Tower
22:46 Watch Tower
» items
| Healing Salve | 4 | |
| Lesser Clarity Potion | 3 | |
| Scroll of Speed | 2 | |
| Orb of Lightning | 2 | |
| Potion of Healing | 1 | |
| Potion of Mana | 1 | |
13 total
lions_mane (
pink | 104 APM | 7214 actions | 69:03)
7 Death Knight
3 Death Coil
3 Unholy Aura
1 Animate Dead
» actions
| Assign group hotkey | 75 | |
| Basic commands | 30 | |
| Build / train | 61 | |
| ESC pressed | 6 | |
| Enter build submenu | 18 | |
| Enter hero's abilities submenu | 7 | |
| Give item / drop item | 1 | |
| Right click | 2947 | |
| Select / deselect | 655 | |
| Select group hotkey | 3318 | |
| Use ability | 95 | |
7214 total
» units
| Acolyte | 3 | |
| Ghoul | 6 | |
| Crypt Fiend | 4 | |
| Gargoyle | 8 | |
| Frost Wyrm | 20 | |
41 total
» upgrades
| Creature Attack | 3 | |
| Creature Carapace | 2 | |
| Freezing Breath | 1 | |
6 total
» buildings
| Graveyard | 1 | |
| Crypt | 1 | |
| Altar of Darkness | 1 | |
| Ziggurat | 9 | |
| Tomb of Relics | 1 | |
| Halls of the Dead | 1 | |
| Black Citadel | 1 | |
| Sacrificial Pit | 1 | |
| Boneyard | 2 | |
18 total
» build order
00:08 Graveyard
00:12 Crypt
00:41 Altar of Darkness
00:57 Ziggurat
01:55 Tomb of Relics
02:03 Ziggurat
03:22 Halls of the Dead
04:21 Ziggurat
05:57 Black Citadel
07:21 Sacrificial Pit
07:25 Ziggurat
07:26 Ziggurat
08:39 Boneyard
08:41 Boneyard
10:50 Ziggurat
12:00 Ziggurat
17:45 Ziggurat
19:15 Ziggurat
» items
| Rod of Necromancy | 1 | |
| Dust of Appearance | 1 | |
| Potion of Healing | 2 | |
4 total
team 2 (winner)
Panda_Slammed (
yellow | 39 APM | 2941 actions | 75:12)
6 Blood Mage
3 Flame Strike
2 Banish
1 Summon Phoenix
» actions
| Assign group hotkey | 3 | |
| Basic commands | 220 | |
| Build / train | 134 | |
| Enter build submenu | 54 | |
| Enter hero's abilities submenu | 6 | |
| Give item / drop item | 4 | |
| Remove unit from queue | 13 | |
| Right click | 1282 | |
| Select / deselect | 962 | |
| Select group hotkey | 3 | |
| Use ability | 258 | |
2941 total
» units
| Peasant | 14 | |
| Mortar Team | 2 | |
| Dragonhawk Rider | 7 | |
23 total
» upgrades
| Masonry | 3 | |
| Lumber Harvesting | 1 | |
| Swords | 1 | |
| Armor | 1 | |
| Magic Sentry | 1 | |
| Sorceress Training | 1 | |
| Cloud | 1 | |
| Flare | 1 | |
| Fragmentation Shards | 1 | |
| Flak Cannons | 1 | |
12 total
» buildings
| Altar of Kings | 1 | |
| Farm | 11 | |
| Lumber Mill | 2 | |
| Scout Tower | 111 | |
| Guard Tower | 49 | |
| Keep | 1 | |
| Blacksmith | 1 | |
| Arcane Vault | 1 | |
| Workshop | 2 | |
| Cannon Tower | 9 | |
| Gryphon Aviary | 2 | |
| Arcane Sanctum | 1 | |
| Castle | 1 | |
| Arcane Tower | 8 | |
200 total
» build order
00:07 Altar of Kings
00:09 Farm
00:37 Lumber Mill
01:07 Farm
01:37 Scout Tower
01:38 Scout Tower
01:39 Scout Tower
01:47 Scout Tower
01:48 Scout Tower
01:49 Scout Tower
02:06 Guard Tower
02:17 Guard Tower
02:20 Scout Tower
02:21 Scout Tower
02:22 Scout Tower
02:24 Scout Tower
02:25 Scout Tower
02:25 Scout Tower
02:37 Guard Tower
03:20 Guard Tower
03:21 Guard Tower
03:48 Guard Tower
03:49 Guard Tower
03:56 Keep
04:06 Guard Tower
04:14 Scout Tower
04:14 Scout Tower
04:15 Scout Tower
04:38 Guard Tower
04:39 Guard Tower
04:41 Scout Tower
04:41 Scout Tower
05:14 Guard Tower
05:24 Blacksmith
05:29 Arcane Vault
05:42 Guard Tower
05:44 Scout Tower
05:44 Scout Tower
05:45 Scout Tower
05:46 Scout Tower
05:50 Guard Tower
06:18 Scout Tower
06:19 Scout Tower
06:19 Scout Tower
06:20 Scout Tower
06:46 Guard Tower
07:21 Guard Tower
07:24 Workshop
07:34 Guard Tower
07:39 Farm
07:40 Farm
07:40 Farm
07:41 Farm
08:19 Scout Tower
08:20 Scout Tower
08:21 Scout Tower
08:22 Scout Tower
08:22 Scout Tower
08:22 Scout Tower
08:41 Guard Tower
08:44 Workshop
08:54 Guard Tower
09:06 Scout Tower
09:07 Scout Tower
09:08 Scout Tower
09:09 Scout Tower
09:18 Cannon Tower
09:47 Gryphon Aviary
10:08 Scout Tower
10:08 Scout Tower
10:09 Scout Tower
10:50 Guard Tower
11:03 Cannon Tower
11:30 Scout Tower
11:31 Scout Tower
11:32 Scout Tower
11:33 Scout Tower
12:19 Arcane Sanctum
12:26 Guard Tower
12:28 Guard Tower
12:32 Cannon Tower
12:35 Scout Tower
12:36 Scout Tower
12:38 Guard Tower
12:55 Guard Tower
13:14 Guard Tower
13:49 Cannon Tower
13:52 Cannon Tower
16:01 Farm
16:10 Guard Tower
16:21 Castle
16:24 Farm
16:24 Farm
16:25 Farm
16:25 Farm
16:36 Gryphon Aviary
17:25 Guard Tower
17:27 Scout Tower
17:27 Scout Tower
17:28 Scout Tower
18:24 Scout Tower
18:24 Scout Tower
18:25 Scout Tower
18:25 Scout Tower
18:57 Guard Tower
19:02 Scout Tower
19:07 Scout Tower
20:03 Cannon Tower
20:45 Scout Tower
20:46 Scout Tower
20:47 Scout Tower
20:48 Scout Tower
20:49 Scout Tower
20:50 Scout Tower
20:50 Scout Tower
20:57 Cannon Tower
21:59 Cannon Tower
22:08 Guard Tower
23:00 Scout Tower
23:01 Scout Tower
23:02 Scout Tower
23:06 Scout Tower
23:11 Scout Tower
23:13 Scout Tower
23:19 Scout Tower
23:21 Scout Tower
23:22 Scout Tower
23:25 Scout Tower
23:26 Scout Tower
23:28 Scout Tower
23:29 Scout Tower
23:33 Scout Tower
23:34 Scout Tower
23:39 Scout Tower
23:43 Scout Tower
23:45 Scout Tower
23:47 Guard Tower
24:01 Guard Tower
24:03 Guard Tower
24:06 Guard Tower
24:09 Guard Tower
24:13 Scout Tower
24:13 Scout Tower
24:14 Scout Tower
24:15 Scout Tower
24:17 Scout Tower
24:20 Scout Tower
24:22 Scout Tower
24:24 Scout Tower
24:25 Scout Tower
24:27 Scout Tower
24:28 Guard Tower
24:29 Guard Tower
24:31 Guard Tower
24:34 Guard Tower
24:38 Scout Tower
24:38 Scout Tower
24:41 Guard Tower
24:56 Guard Tower
25:01 Scout Tower
25:02 Scout Tower
25:05 Scout Tower
25:08 Guard Tower
25:11 Scout Tower
25:16 Cannon Tower
25:40 Guard Tower
25:43 Scout Tower
25:44 Scout Tower
25:46 Guard Tower
26:06 Scout Tower
26:06 Scout Tower
26:07 Scout Tower
26:10 Scout Tower
26:12 Arcane Tower
26:14 Arcane Tower
26:29 Arcane Tower
26:33 Scout Tower
26:33 Scout Tower
26:34 Scout Tower
26:36 Scout Tower
26:40 Guard Tower
26:44 Arcane Tower
26:53 Scout Tower
26:55 Scout Tower
26:56 Scout Tower
26:59 Scout Tower
27:13 Guard Tower
27:25 Guard Tower
27:42 Arcane Tower
28:08 Guard Tower
29:11 Scout Tower
29:12 Scout Tower
29:14 Scout Tower
29:24 Guard Tower
29:26 Guard Tower
30:14 Guard Tower
35:19 Lumber Mill
38:37 Arcane Tower
38:40 Arcane Tower
38:42 Arcane Tower
» items
| Lesser Clarity Potion | 3 | |
| Scroll of Regeneration | 1 | |
| Healing Salve | 1 | |
| Boots of Speed | 1 | |
| Staff of Teleportation | 1 | |
| Periapt of Vitality | 1 | |
| Orb of Lightning | 1 | |
| Scroll of Town Portal | 2 | |
11 total
PerturbedParrot (
orange | 38 APM | 2876 actions | 75:12)
6 Warden
3 Shadow Strike
2 Blink
1 Spirit of Vengeance
» actions
| Assign group hotkey | 6 | |
| Basic commands | 76 | |
| Build / train | 98 | |
| Enter build submenu | 43 | |
| Enter hero's abilities submenu | 6 | |
| Give item / drop item | 2 | |
| Remove unit from queue | 22 | |
| Right click | 1486 | |
| Select / deselect | 804 | |
| Select group hotkey | 72 | |
| Use ability | 255 | |
2876 total
» units
| Wisp | 35 | |
| Druid of the Talon | 7 | |
| Hippogryph | 1 | |
43 total
» upgrades
| Druid of the Talon Training | 2 | |
| Strength of the Wild | 3 | |
| Reinforced Hides | 3 | |
| Mark of the Talon | 1 | |
| Well Spring | 1 | |
| Ultravision | 1 | |
11 total
» buildings
| Moon Well | 18 | |
| Altar of Elders | 2 | |
| Ancient of Wonders | 1 | |
| Tree of Ages | 1 | |
| Tree of Life | 3 | |
| Hunter's Hall | 1 | |
| Ancient of Wind | 5 | |
| Tree of Eternity | 1 | |
32 total
» build order
00:08 Moon Well
00:10 Altar of Elders
01:55 Moon Well
02:40 Moon Well
03:06 Ancient of Wonders
03:59 Moon Well
04:14 Moon Well
04:17 Moon Well
05:07 Tree of Ages
06:14 Moon Well
07:22 Tree of Life
07:36 Moon Well
07:49 Hunter's Hall
08:01 Moon Well
08:56 Tree of Life
09:14 Moon Well
09:19 Ancient of Wind
10:24 Ancient of Wind
11:10 Moon Well
11:57 Tree of Eternity
12:56 Moon Well
15:43 Ancient of Wind
15:46 Ancient of Wind
16:10 Ancient of Wind
16:38 Moon Well
20:09 Tree of Life
23:24 Moon Well
23:38 Moon Well
23:54 Moon Well
25:13 Moon Well
25:17 Moon Well
36:10 Altar of Elders
» items
| Potion of Healing | 2 | |
| Moonstone | 1 | |
| Orb of Lightning | 1 | |
| Healing Salve | 1 | |
| Staff of Teleportation | 1 | |
| Scroll of Town Portal | 2 | |
| Tiny Great Hall | 1 | |
| Mechanical Critter | 2 | |
11 total
VELOX_NEB (
red | 44 APM | 3318 actions | 75:12)
7 Blademaster
3 Wind Walk
3 Critical Strike
1 Bladestorm
» actions
| Assign group hotkey | 15 | |
| Basic commands | 229 | |
| Build / train | 69 | |
| ESC pressed | 12 | |
| Enter build submenu | 56 | |
| Enter hero's abilities submenu | 7 | |
| Give item / drop item | 7 | |
| Right click | 1916 | |
| Select / deselect | 516 | |
| Select group hotkey | 78 | |
| Use ability | 413 | |
3318 total
» units
» upgrades
| Ranged Weapons | 3 | |
| Armor | 4 | |
| Liquid Fire | 1 | |
| Envenomed Spears | 1 | |
9 total
» buildings
| Altar of Storms | 1 | |
| Orc Burrow | 11 | |
| War Mill | 1 | |
| Watch Tower | 31 | |
| Voodoo Lounge | 2 | |
| Stronghold | 1 | |
| Fortress | 1 | |
| Beastiary | 3 | |
| Great Hall | 1 | |
52 total
» build order
00:09 Altar of Storms
00:21 Orc Burrow
00:28 War Mill
01:52 Watch Tower
01:55 Watch Tower
02:09 Watch Tower
02:29 Watch Tower
02:32 Watch Tower
02:42 Orc Burrow
02:58 Watch Tower
03:49 Watch Tower
03:55 Watch Tower
04:06 Orc Burrow
04:15 Watch Tower
04:57 Watch Tower
04:59 Watch Tower
05:23 Watch Tower
06:12 Watch Tower
06:16 Watch Tower
06:58 Watch Tower
07:16 Voodoo Lounge
07:21 Watch Tower
07:31 Stronghold
07:59 Voodoo Lounge
08:46 Watch Tower
08:48 Watch Tower
10:00 Watch Tower
10:02 Watch Tower
10:58 Fortress
11:00 Beastiary
11:02 Beastiary
11:03 Beastiary
11:04 Orc Burrow
11:29 Great Hall
12:01 Watch Tower
13:31 Orc Burrow
16:40 Watch Tower
16:43 Watch Tower
16:44 Watch Tower
20:08 Watch Tower
20:11 Watch Tower
21:53 Watch Tower
21:54 Watch Tower
21:56 Watch Tower
22:11 Watch Tower
22:25 Orc Burrow
22:27 Orc Burrow
22:28 Orc Burrow
22:28 Orc Burrow
22:29 Orc Burrow
23:17 Watch Tower
40:24 Orc Burrow
» items
| Boots of Speed | 1 | |
| Staff of Teleportation | 1 | |
| Lesser Clarity Potion | 2 | |
| Scroll of Regeneration | 1 | |
| Healing Salve | 1 | |
| Orb of Lightning | 1 | |
| Scroll of Town Portal | 1 | |
8 total
Chat log
(00:03 / Allies) Panda_Slammed: ahhah
(00:05 / Allies) Panda_Slammed: called it
(00:06 / Allies) VELOX_NEB: boo ya
(00:13 / Allies) PerturbedParrot: quick
(00:14 / Allies) VELOX_NEB: 100g my man
(00:15 / Allies) Panda_Slammed: gte chims and hips
(00:16 / Allies) PerturbedParrot: get chokes and towe bases
(00:44 / Allies) Panda_Slammed: ur on the end
(00:44 / Allies) Panda_Slammed: good
(00:46 / Allies) PerturbedParrot: yep
(00:57 / Allies) PerturbedParrot: hopefully they decide to hit you guys first if they run over the blocks
(01:34 / Allies) Panda_Slammed: ty
(02:04 / Allies) Panda_Slammed: wod plix
(02:05 / Allies) VELOX_NEB: wood
(02:31 / Allies) Panda_Slammed: going
(03:03 / Allies) Panda_Slammed: dont let him see
(03:37 / Allies) Panda_Slammed: no hero
(03:53 / Allies) Panda_Slammed: wells
(04:06 / Allies) PerturbedParrot: get some towers in bases
(04:07 / Allies) PerturbedParrot: too
(04:23 / Allies) PerturbedParrot: fuck
(04:25 / Allies) PerturbedParrot: he crosses
(04:29 / Allies) PerturbedParrot: lol
(04:48 / Allies) Panda_Slammed: footmen
(04:50 / Allies) Panda_Slammed: in base
(06:02 / Allies) Panda_Slammed: slips
(07:48 / Allies) Panda_Slammed: orc shops
(07:49 / Allies) VELOX_NEB: wells on other side
(08:03 / Allies) VELOX_NEB: more towers here...
(08:37 / Allies) Panda_Slammed: giveme
(08:52 / Allies) PerturbedParrot: grabbing the expo
(08:56 / Allies) Panda_Slammed: k
(08:59 / Allies) VELOX_NEB: ne takes the other one
(09:06 / Allies) VELOX_NEB: no no
(09:08 / Allies) VELOX_NEB: give it to hu
(09:12 / Allies) Panda_Slammed: bats yet
(09:21 / Allies) VELOX_NEB: nope
(09:24 / Allies) VELOX_NEB: dhawks yet?
(09:29 / Allies) VELOX_NEB: dotts yet?
(09:30 / Allies) Panda_Slammed: am i going d hawks
(09:33 / Allies) Panda_Slammed: i got morts
(09:34 / Allies) VELOX_NEB: yes
(09:38 / Allies) VELOX_NEB: no, go air
(09:40 / Allies) VELOX_NEB: all the time
(09:40 / Allies) Panda_Slammed: okl
(09:45 / Allies) VELOX_NEB: it's highperch man
(09:48 / Allies) Panda_Slammed: ok
(09:54 / Allies) VELOX_NEB: wait it out, go 100 food air, perch
(09:56 / Allies) VELOX_NEB: it's easy
(10:02 / Allies) Panda_Slammed: ok
(10:06 / Allies) PerturbedParrot: dont go over 50
(10:10 / Allies) PerturbedParrot: until we clear
(10:13 / Allies) Panda_Slammed: need staff
(10:14 / Allies) VELOX_NEB: not until mined out
(11:13 / Allies) VELOX_NEB: i saw
(11:17 / Allies) Panda_Slammed: k
(11:27 / Allies) PerturbedParrot: get it
(11:53 / Allies) VELOX_NEB: creep
(12:22 / Allies) Panda_Slammed: gold
(13:05 / Allies) Panda_Slammed: just got
(13:53 / Allies) PerturbedParrot: want me on chims too or just dotts?
(13:59 / Allies) Panda_Slammed: dots
(14:03 / Allies) VELOX_NEB: all dotts is fine
(14:08 / Allies) PerturbedParrot: holy
(15:55 / Allies) PerturbedParrot: perch the other side
(15:59 / Allies) VELOX_NEB: no
(16:02 / Allies) VELOX_NEB: perch right
(16:03 / Allies) PerturbedParrot: k
(16:12 / Allies) Panda_Slammed: goold
(16:14 / Allies) Panda_Slammed: if u have any
(16:24 / Allies) PerturbedParrot: more
(16:56 / Allies) Panda_Slammed: burnign
(17:12 / Allies) VELOX_NEB: don't do that to things i'm attacking
(17:16 / Allies) Panda_Slammed: sry
(17:47 / Allies) VELOX_NEB: wood
(17:49 / Allies) PerturbedParrot: gonna sep up shop
(17:59 / Allies) VELOX_NEB: hmm
(18:00 / Allies) VELOX_NEB: wait
(18:00 / Allies) PerturbedParrot: getting miny town
(18:07 / Allies) VELOX_NEB: until mines are almost out
(18:13 / Allies) PerturbedParrot: 1.7k in mine
(18:23 / Allies) VELOX_NEB: i mean expo mines
(18:43 / Allies) PerturbedParrot: lets harass some more
(19:15 / Allies) PerturbedParrot: haha
(19:16 / Allies) Panda_Slammed: i got
(19:19 / Allies) Panda_Slammed: dots
(20:15 / All) Panda_Slammed: n00b
(20:22 / All) Panda_Slammed: invis mort
(20:32 / Allies) PerturbedParrot: make towers for us
(20:33 / Allies) VELOX_NEB: yes do something with those morts
(20:34 / Allies) Panda_Slammed: tere dooing our strat
(21:17 / Allies) Panda_Slammed: perch
(21:41 / Allies) PerturbedParrot: getting mini
(22:11 / Allies) Panda_Slammed: gold
(22:24 / Allies) Panda_Slammed: ty
(22:28 / Allies) Panda_Slammed: time to towr
(22:32 / Allies) PerturbedParrot: tp in
(22:42 / Allies) Panda_Slammed: k
(22:43 / Allies) Panda_Slammed: k
(23:57 / Allies) Panda_Slammed: ;lol
(23:59 / All) FREEDOMOFTHESEA: noob
(24:08 / Allies) VELOX_NEB: that was bad luck...
(24:46 / Allies) Panda_Slammed: ok out of resources
(25:20 / Allies) VELOX_NEB: build some arc towers up there too
(25:24 / Allies) VELOX_NEB: a bunch
(25:36 / Allies) Panda_Slammed: what
(25:41 / Allies) VELOX_NEB: arcane towers
(25:45 / Allies) VELOX_NEB: build some on the perch
(25:48 / Allies) Panda_Slammed: ok
(25:49 / Allies) VELOX_NEB: so we'll have reveals
(26:02 / Allies) PerturbedParrot: 5.5 k in expo
(26:18 / Allies) VELOX_NEB: 7000 to go
(27:37 / Allies) PerturbedParrot: want some prots?
(27:53 / Allies) PerturbedParrot: let me tp
(27:59 / Allies) PerturbedParrot: get salve
(28:02 / Allies) Panda_Slammed: lol
(28:06 / Allies) VELOX_NEB: tp
(28:53 / Allies) PerturbedParrot: still 3 k
(29:20 / Allies) PerturbedParrot: convert
(29:29 / Allies) VELOX_NEB: go 100 food
(29:30 / Allies) Panda_Slammed: need gold
(29:33 / Allies) VELOX_NEB: as much as you can panda
(29:36 / Allies) Panda_Slammed: ok
(29:38 / Allies) VELOX_NEB: give him gold parrot
(29:41 / Allies) VELOX_NEB: lots
(30:19 / Allies) PerturbedParrot: fuck
(30:20 / Allies) PerturbedParrot: guys
(30:24 / Allies) PerturbedParrot: save gold in case i need to
(30:34 / Allies) PerturbedParrot: im at 55 only
(30:40 / Allies) Panda_Slammed: woww
(30:45 / Allies) PerturbedParrot: feed me
(31:29 / Allies) VELOX_NEB: buiuld dhawks
(31:35 / Allies) Panda_Slammed: im trying
(31:35 / Allies) PerturbedParrot: give me gold red
(31:36 / Allies) PerturbedParrot: now
(31:38 / Allies) PerturbedParrot: quickly
(31:39 / Allies) PerturbedParrot: i can get
(31:41 / Allies) PerturbedParrot: 6 dotts more
(31:42 / Allies) PerturbedParrot: out
(31:55 / Allies) PerturbedParrot: gold me
(31:57 / Allies) Panda_Slammed: there in high upkeep
(32:07 / Allies) VELOX_NEB: i gave a bunch to panda
(32:52 / Allies) PerturbedParrot: should i tp
(32:56 / Allies) PerturbedParrot: mywisps up top?
(32:59 / Allies) VELOX_NEB: no, we're perched
(33:05 / Allies) VELOX_NEB: if you want
(33:09 / Allies) PerturbedParrot: 350 gold
(33:18 / Allies) Panda_Slammed: i can make gyros
(33:53 / Allies) PerturbedParrot: lol.
(33:54 / Allies) Panda_Slammed: get at least all the gold
(33:59 / Allies) VELOX_NEB: trying
(34:11 / Allies) PerturbedParrot: they think its over
(34:12 / Allies) PerturbedParrot: hahaha
(34:16 / Allies) VELOX_NEB: hey
(34:18 / Allies) PerturbedParrot: got 5 gold?
(34:21 / Allies) VELOX_NEB: did we drop critters?
(34:24 / Allies) PerturbedParrot: i did
(34:32 / Allies) VELOX_NEB: cool
(34:42 / Allies) PerturbedParrot: 5 gold?
(34:58 / Allies) PerturbedParrot: make more towers
(35:01 / Allies) VELOX_NEB: how many dhawks do we have?
(35:09 / Allies) VELOX_NEB: ni
(35:12 / Allies) Panda_Slammed: i dont know
(35:24 / Allies) VELOX_NEB: 14
(35:28 / Allies) VELOX_NEB: try not to lose them
(35:29 / Allies) PerturbedParrot: FUCK
(35:33 / Allies) PerturbedParrot: i need revive
(35:38 / Allies) PerturbedParrot: i need
(35:40 / Allies) PerturbedParrot: 600 gold
(35:43 / Allies) PerturbedParrot: for altar + revive
(35:53 / Allies) Panda_Slammed: ok
(36:01 / Allies) VELOX_NEB: how do you lose a warden....
(36:15 / Allies) VELOX_NEB: get her
(36:18 / Allies) VELOX_NEB: while you have food
(36:24 / Allies) PerturbedParrot: gold
(36:25 / Allies) PerturbedParrot: fast
(36:29 / Allies) PerturbedParrot: ill have food
(36:36 / Allies) PerturbedParrot: 200 more
(36:48 / Allies) PerturbedParrot: 55 more
(37:00 / Allies) Panda_Slammed: ice
(37:02 / Allies) PerturbedParrot: good
(37:10 / Allies) Panda_Slammed: dont loose her
(37:18 / Allies) Panda_Slammed: need lvl 6
(37:23 / Allies) Panda_Slammed: so i can send out phoneix
(37:39 / Allies) Panda_Slammed: go up
(37:47 / Allies) Panda_Slammed: get up
(38:19 / Allies) VELOX_NEB: here panda
(38:28 / Allies) VELOX_NEB: build reveal towers with what i give you
(38:35 / Allies) Panda_Slammed: ok
(38:45 / Allies) Panda_Slammed: done
(39:02 / All) VELOX_NEB: damn, gg guys
(39:03 / Allies) Panda_Slammed: who can buy me some boots
(39:05 / All) PerturbedParrot: gg
(39:08 / Allies) Panda_Slammed: dont die
(39:47 / Allies) Panda_Slammed: the gauntlet
(39:58 / Allies) PerturbedParrot: should i harass with warden?
(40:07 / Allies) Panda_Slammed: i want level 6 oks
(40:18 / Allies) Panda_Slammed: but me some boots
(41:08 / Allies) Panda_Slammed: laff
(41:34 / Allies) Panda_Slammed: already done
(41:49 / Allies) PerturbedParrot: hahahhaa
(42:03 / Allies) Panda_Slammed: u got main
(42:07 / Allies) PerturbedParrot: yep
(42:38 / Allies) PerturbedParrot: they are taking their time
(42:40 / Allies) PerturbedParrot: thinking its over
(42:53 / Allies) Panda_Slammed: ill laff
(42:57 / Allies) Panda_Slammed: when we kill ud
(43:01 / Allies) Panda_Slammed: and they think its over
(43:04 / Allies) Panda_Slammed: but is not
(43:13 / Allies) Panda_Slammed: i need a tp
(43:17 / Allies) Panda_Slammed: if somone can buy me one
(43:18 / Allies) PerturbedParrot: \plus UD is the only source of cash
(43:20 / Allies) PerturbedParrot: they got
(43:28 / Allies) Panda_Slammed: im coming down
(43:29 / Allies) PerturbedParrot: dont kil cimetary
(43:49 / Allies) PerturbedParrot: DONT
(43:56 / Allies) PerturbedParrot: corpse supply
(44:54 / Allies) PerturbedParrot: let him get the exp
(45:04 / Allies) VELOX_NEB: no xp from these
(45:30 / Allies) Panda_Slammed: k bi
(45:56 / Allies) Panda_Slammed: got it
(45:57 / Allies) Panda_Slammed: ty
(46:05 / Allies) VELOX_NEB: we need to kill that tower
(46:07 / Allies) VELOX_NEB: taking hawks
(46:09 / Allies) VELOX_NEB: shit
(46:10 / Allies) Panda_Slammed: no
(46:12 / Allies) Panda_Slammed: they will no
(46:19 / Allies) VELOX_NEB: you didn't get the upgrade
(46:22 / Allies) VELOX_NEB: war steeds
(46:23 / Allies) Panda_Slammed: not worth
(46:24 / Allies) VELOX_NEB: fuck
(46:27 / Allies) VELOX_NEB: totally worth it
(46:40 / Allies) PerturbedParrot: MONEY
(46:44 / Allies) VELOX_NEB: w/e noob
(46:44 / Allies) Panda_Slammed: u can tak that out
(46:51 / Allies) Panda_Slammed: wit hheros
(46:59 / Allies) PerturbedParrot: let me get the little gold
(47:01 / Allies) PerturbedParrot: from the mountain top
(47:05 / Allies) Panda_Slammed: o k
(47:26 / All) VELOX_NEB: so how are you gays doing tonight
(47:29 / All) VELOX_NEB: oh sorry
(47:33 / All) VELOX_NEB: i meant "guys"
(47:46 / Allies) Panda_Slammed: 3 frosts
(47:56 / Allies) PerturbedParrot: ring of prot
(47:57 / Allies) Panda_Slammed: they will have to kill there whole army and get gold
(48:05 / Allies) Panda_Slammed: coming
(48:19 / Allies) Panda_Slammed: i might die
(48:24 / Allies) PerturbedParrot: you better not
(48:28 / Allies) VELOX_NEB: so might we all...
(48:47 / Allies) VELOX_NEB: o snap
(48:52 / Allies) VELOX_NEB: level 6 bm sweet
(48:58 / Allies) Panda_Slammed: bs
(49:10 / Allies) Panda_Slammed: coming
(49:14 / Allies) PerturbedParrot: noo
(49:16 / Allies) PerturbedParrot: its mine
(49:17 / All) PerturbedParrot: NOOO
(49:19 / Allies) PerturbedParrot: mine
(49:22 / Allies) PerturbedParrot: let me have some fun :P
(49:24 / Allies) Panda_Slammed: tkaing that out
(49:24 / All) FREEDOMOFTHESEA: so whats going on guys
(49:31 / Allies) Panda_Slammed: nmu
(49:32 / All) Grochmal: see u tomorrow
(49:34 / All) Panda_Slammed: nmu
(49:35 / All) PerturbedParrot: not much
(49:45 / Allies) Panda_Slammed: waot here
(49:49 / All) PerturbedParrot: best farm hunt here
(49:56 / Allies) Panda_Slammed: gg
(51:04 / Allies) PerturbedParrot: oh lol
(51:07 / Allies) PerturbedParrot: there goesmy ressource
(51:19 / Allies) Panda_Slammed: dont show them
(51:38 / Allies) Panda_Slammed: tp
(52:04 / All) PerturbedParrot: so whats up
(52:05 / All) Panda_Slammed: o no
(52:08 / All) Panda_Slammed: peons
(52:16 / All) Grochmal: this is mad fun
(52:26 / All) PerturbedParrot: you wont even believe it
(53:26 / Allies) PerturbedParrot: lol.
(53:27 / Allies) VELOX_NEB: try not to waste all the reveals at once
(53:43 / Allies) PerturbedParrot: hey
(53:44 / Allies) PerturbedParrot: when the fuck
(53:47 / Allies) PerturbedParrot: did you steal my boots
(54:12 / Allies) PerturbedParrot: \who stole my boots?
(54:16 / Allies) Panda_Slammed: not me
(54:55 / Allies) Panda_Slammed: they cannot see where it goes
(54:57 / Allies) Panda_Slammed: or comes from
(55:00 / Allies) VELOX_NEB: try to park the egg on a ridge
(55:07 / Allies) Panda_Slammed: yea i tried
(55:10 / Allies) PerturbedParrot: why?
(55:11 / Allies) VELOX_NEB: they have reveals too
(55:24 / Allies) VELOX_NEB: so they can't kill it immediately?
(55:43 / Allies) Panda_Slammed: what
(55:47 / Allies) PerturbedParrot: did they actually use a reveal?
(55:52 / Allies) Panda_Slammed: morts
(56:09 / Allies) VELOX_NEB: they have morts and arc towers
(56:14 / Allies) VELOX_NEB: and docs
(56:15 / Allies) PerturbedParrot: are they using them
(56:19 / Allies) VELOX_NEB: should try to kill the docs
(56:29 / Allies) VELOX_NEB: i haven't spotted any sentry wards yet
(56:45 / Allies) VELOX_NEB: parrot
(56:47 / Allies) Panda_Slammed: and hes easy
(56:55 / Allies) PerturbedParrot: i got flared
(56:57 / Allies) VELOX_NEB: bring the warden here so i can tp
(57:12 / Allies) PerturbedParrot: quick
(57:13 / Allies) PerturbedParrot: i need to get out
(57:18 / Allies) Panda_Slammed: um
(57:19 / Allies) Panda_Slammed: shit
(57:30 / Allies) Panda_Slammed: dont die
(57:31 / Allies) Panda_Slammed: now
(57:50 / Allies) PerturbedParrot: you are DEAD
(57:51 / Allies) PerturbedParrot: OUT
(57:52 / Allies) PerturbedParrot: NOT
(57:52 / Allies) Panda_Slammed: cornered
(57:57 / Allies) PerturbedParrot: fuck fuck fuck
(58:03 / Allies) PerturbedParrot: lol lol lol
(58:07 / Allies) Panda_Slammed: niec
(58:08 / All) PerturbedParrot: aint it awesome
(59:00 / Allies) PerturbedParrot: ??
(59:05 / Allies) Panda_Slammed: peon
(59:48 / Allies) VELOX_NEB: they still have 5 acols
(59:53 / Allies) VELOX_NEB: for all the good it does them
(59:55 / Allies) Panda_Slammed: and that
(60:47 / Allies) PerturbedParrot: blow
(61:18 / Allies) PerturbedParrot: dudebros
(61:26 / Allies) Panda_Slammed: if only i could burn shit
(61:54 / Allies) PerturbedParrot: free hero
(62:05 / Allies) PerturbedParrot: you have been spotted
(62:06 / Allies) PerturbedParrot: get out.
(62:32 / Allies) PerturbedParrot: want me down there?
(62:42 / Allies) PerturbedParrot: give me the medallion
(62:44 / Allies) Panda_Slammed: got it
(62:46 / Allies) Panda_Slammed: got
(62:48 / Allies) Panda_Slammed: mort
(63:06 / Allies) PerturbedParrot: we havebeen found
(63:18 / Allies) PerturbedParrot: arm the flyers
(63:22 / All) PerturbedParrot: DUES
(63:28 / Allies) Panda_Slammed: dont loose them
(63:37 / All) FREEDOMOFTHESEA: u guys having fun'
(63:44 / All) PerturbedParrot: are you?
(63:44 / All) VELOX_NEB: yep
(63:45 / All) Grochmal: this is awesome
(63:57 / All) VELOX_NEB: gg noobs
(64:04 / Allies) Panda_Slammed: tkaing out towers
(64:05 / Allies) PerturbedParrot: fed the bm
(64:07 / Allies) Panda_Slammed: orc is east
(64:41 / All) PerturbedParrot: so what is your plan
(64:41 / Allies) VELOX_NEB: they have made their stand
(64:47 / All) Grochmal: wait it out
(64:50 / All) FREEDOMOFTHESEA: go to bed
(64:55 / All) VELOX_NEB: cool
(65:01 / All) Panda_Slammed: i dont have to wrok tommarow
(65:01 / All) FREEDOMOFTHESEA: check u guys in the moring
(65:03 / All) Panda_Slammed: ;)
(65:05 / All) VELOX_NEB: longest game we ever won was 27 hours btw
(65:09 / All) VELOX_NEB: later
(65:12 / All) PerturbedParrot: we have replay
(65:22 / All) Panda_Slammed: highper.ch
(65:28 / All) Panda_Slammed: check it out sometiem
(65:40 / All) Grochmal: sounds amazing
(65:40 / All) Panda_Slammed: this is why its called highperch
(65:42 / All) VELOX_NEB: for all replays like this one check out highper.ch!!!
(66:05 / Allies) Panda_Slammed: about to hit
(66:23 / All) VELOX_NEB: hey no fair
(66:30 / All) VELOX_NEB: you said you guys were going afk
(66:34 / All) PerturbedParrot: haha
(66:34 / Allies) VELOX_NEB: jerks
(66:38 / All) PerturbedParrot: i can imagine you guys
(66:53 / Allies) Panda_Slammed: im spell bitch
(66:54 / Allies) VELOX_NEB: heh
(67:35 / Allies) Panda_Slammed: alme
(67:36 / Allies) Panda_Slammed: died
(67:53 / Allies) PerturbedParrot: got bm?
(68:55 / Allies) VELOX_NEB: careful
(69:04 / Allies) Panda_Slammed: ur careful
(69:06 / Allies) Panda_Slammed: hahhaa
(69:14 / All) PerturbedParrot: pew pew
(69:18 / Allies) Panda_Slammed: good
(69:20 / Allies) Panda_Slammed: the ud
(69:24 / All) VELOX_NEB: now that guy had the right idea
(69:34 / All) Panda_Slammed: u cant win
(69:37 / All) Panda_Slammed: but we can
(69:41 / All) FREEDOMOFTHESEA: thats cause u guys are noobs
(69:43 / All) VELOX_NEB: ain't life grand
(69:46 / All) VELOX_NEB: no u
(69:48 / All) Panda_Slammed: more like u r
(69:49 / All) PerturbedParrot: that doesnt make any sense
(69:49 / All) VELOX_NEB: NOOOOOOOB
(69:53 / All) Panda_Slammed: lol
(69:59 / All) Panda_Slammed: then i guess u lost to n00bs
(70:00 / All) VELOX_NEB: noob lost to noob towers and noob strat
(70:02 / All) FREEDOMOFTHESEA: and wasting ppls time for no reason since u have not got one
(70:03 / All) VELOX_NEB: nooby noob
(70:04 / All) Panda_Slammed: which makes u more of a n00b
(70:11 / All) FREEDOMOFTHESEA: u got that right
(70:15 / All) Panda_Slammed: yep
(70:16 / All) PerturbedParrot: we are wasting people TIME but we don't "got one
(70:17 / All) Panda_Slammed: so
(70:20 / All) PerturbedParrot: "?
(70:27 / All) Panda_Slammed: we waste people times because if ur playing this game u have time
(71:07 / Allies) Panda_Slammed: whos taking my shit
(71:14 / Allies) PerturbedParrot: i took your medallion
(71:17 / Allies) PerturbedParrot: you are chilling on the top
(71:19 / Allies) Panda_Slammed: what medallion
(71:27 / Allies) PerturbedParrot: i meant
(71:30 / Allies) PerturbedParrot: periaopt
(71:40 / Allies) Panda_Slammed: i had a prehapt
(71:43 / Allies) PerturbedParrot: which i stole
(71:50 / Allies) PerturbedParrot: i even told you when i did
(71:51 / Allies) Panda_Slammed: i didnt buy that
(72:13 / Allies) Panda_Slammed: they left
(72:27 / Allies) VELOX_NEB: yep
(72:31 / Allies) VELOX_NEB: test the theory
(72:34 / Allies) Panda_Slammed: lol
(72:44 / Allies) Panda_Slammed: guess i hit that
(73:20 / All) Panda_Slammed: ty
(73:33 / All) VELOX_NEB: gj showing sense freedomofthesea
(73:41 / Allies) PerturbedParrot: got ult?
(73:46 / Allies) Panda_Slammed: ill cloud
(73:57 / Allies) Panda_Slammed: wai
(74:26 / Allies) PerturbedParrot: the other guy is probably afk
(74:55 / Allies) PerturbedParrot: did you lose seomthing?
(75:08 / Allies) Panda_Slammed: no